 Dungeon Crawl Stone Soup version 0.25-a0-1119-g28b6fd0c3b (webtiles) character file.

Game seed: 17969621218505500947, levelgen mode: deterministic

408 tilp the Bolt Thrower (level 7, -8/43 HPs)
             Began as a Kobold Arcane Marksman on May 17, 2020.
             Was an Initiate of Okawaru.
             Mangled by an ogre
             ... wielding a +0 giant spiked club
              (25 damage)
             ... on level 5 of the Dungeon.
             The game lasted 00:10:55 (5870 turns).

tilp the Bolt Thrower (Kobold Arcane Marksman)      Turns: 5870, Time: 00:10:56

Health: -8/43      AC:  7    Str: 10    XL:     7   Next: 13%
Magic:  8/8        EV: 15    Int: 14    God:    Okawaru [......]
Gold:   272        SH: 10    Dex: 15    Spells: 5/8 levels left

rFire    . . .     SeeInvis +   b - +2 short sword (venom)
rCold    . . .     Gourm    .   x - +0 buckler
rNeg     . . .     Faith    .   y - +0 scale mail
rPois    .         Spirit   .   (no helmet)
rElec    .         Reflect  +   (no cloak)
rCorr    .         Harm     .   (no gloves)
MR       .....                  t - +0 pair of boots
Stlth    ..........             u - amulet of reflection
HPRegen  0.14/turn              n - +4 ring of evasion
MPRegen  0.11/turn              s - ring of see invisible

@: lethally poisoned (-8 -> -10)
A: small, carnivore
a: Renounce Religion


You were on level 5 of the Dungeon.
You worshipped Okawaru.
Okawaru was noncommittal.
You were very full.

You visited 2 branches of the dungeon, and saw 6 of its levels.

You collected 272 gold pieces.

Inventory:

Hand Weapons
 a - a +0 hand crossbow
 b - a +2 short sword of venom (weapon)
 o - a +0 war axe
Missiles
 d - 60 bolts
 k - 16 poisoned darts (quivered)
Armour
 j - a +0 leather armour
 t - a +0 pair of boots (worn)
 v - the +7 chain mail "Etwut" {-Tele rElec MR+, unknown}
   (You found it on level 4 of the Dungeon)

   It insulates you from electricity.
   It affects your resistance to hostile enchantments.
   It prevents most forms of teleportation.
 x - a +0 buckler (worn)
 y - a +0 scale mail (worn)
Jewellery
 g - an uncursed ring of flight
 n - a +4 ring of evasion (left hand)
 r - a cursed amulet of inaccuracy {unknown}
 s - a ring of see invisible (right hand)
 u - an amulet of reflection (around neck)
Wands
 B - a wand of iceblast (6)
 C - a wand of enslavement (10)
Scrolls
 f - a scroll of amnesia {unknown}
 h - a scroll of immolation {unknown}
 l - 5 scrolls of teleportation
 m - 4 scrolls of remove curse
 A - a scroll of blinking {unknown}
Potions
 e - 4 potions of might
 i - a potion of stabbing {unknown}
 p - 2 potions of flight
 q - a potion of invisibility
 w - 4 potions of curing
 z - a potion of brilliance {unknown}
Comestibles
 c - 15 rations


   Skills:
 - Level 4.0 Fighting
 - Level 6.0 Crossbows
 - Level 2.4 Dodging
 + Level 2.6 Shields
 - Level 1.1 Spellcasting
 - Level 3.0 Hexes


You had 5 spell levels left.
You knew the following spells:

 Your Spells              Type           Power        Failure   Level  Hunger
a - Corona                Hex            #......      58%         1    ##.....
b - Slow                  Hex            #.......     73%         2    ###....

Your spell library contained the following spells:

 Spells                   Type           Power        Failure   Level  Hunger
 Inner Flame              Hex/Fire       #.......     99%         3    ####...
 Portal Projectile        Hex/Tloc       #.....       99%         3    ####...
 Cause Fear               Hex            #.........   100%        4    #####..
 Leda's Liquefaction      Hex/Erth       #.........   100%        4    #####..


Dungeon Overview and Level Annotations

Branches:
Dungeon (5/15)             Temple (1/1) D:5

Altars:
Ashenzari
Cheibriados
Dithmenos
Elyvilon
Fedhas
Gozag
Hepliaklqana
Kikubaaqudgha
Makhleb
Nemelex Xobeh
Okawaru
Qazlal
Ru
Sif Muna
Trog
Uskayaw
Vehumet
Wu Jian
Xom
Yredelemnul
Zin
The Shining One

Annotations:
D:5 Ijyb


Innate Abilities, Weirdness & Mutations

You are small and have problems with some larger weapons.
You are carnivorous and can eat meat at any time.


Message History

You hit the ogre.
The ogre is lightly wounded.
You block the ogre's attack.
You barely miss the ogre.
The ogre is lightly wounded.
You feel sick. You block the ogre's attack.
You hit the ogre.
The ogre is poisoned.
The ogre is moderately wounded.
The ogre closely misses you.
You barely miss the ogre.
The ogre is moderately wounded.
You hit the ogre.
The ogre looks as sick as possible!
The ogre is heavily wounded.
You feel sick.
The ogre hits you with a +0 giant spiked club!!
* * * LOW HITPOINT WARNING * * *
You feel sick.
The ogre hits you with a +0 giant spiked club!!
Ouch! That really hurt!
You die...

#.#.#####.# #<.... #.#
#.# #..... #.# #.#
##.... # #.# ###..
#.#####.# ...#..
#.......######.....##.
####.#####..†...... #.
#...#####.###..... #O
#...@O....# .... #.
#.######### #.## #g #.
#.# #. #. #.# #. # #.#
##. #######.###O.
.......<.g..#
#######..##.. ##.####


You could see an ogre (very poisoned).

Vanquished Creatures
  An ogre (D:4)
  A scorpion (D:5)
  A crimson imp (D:3)
  An iguana (D:4)
  A worker ant (D:5)
  7 gnolls
  3 adders (D:3)
  3 oozes
  An adder skeleton (D:5)
  2 dart slugs
  3 leopard geckos
  2 orcs
  3 ball pythons
  5 bats
  3 giant cockroaches
  9 goblins
  5 hobgoblins
  7 jackals (D:1)
  A quokka (D:4)
  4 frilled lizards
  6 kobolds
  8 rats
77 creatures vanquished.

Notes
Turn   | Place    | Note
-------+----------+-------------------------------------------
     0 | D:1      | tilp the Kobold Arcane Marksman began the quest for the
                  | Orb.
     0 | D:1      | Reached XP level 1. HP: 12/12 MP: 2/2
   438 | D:1      | Reached XP level 2. HP: 13/17 MP: 3/3
   518 | D:1      | Learned a level 2 spell: Slow
  1124 | D:1      | Reached XP level 3. HP: 23/23 MP: 4/4
  2072 | D:2      | Reached XP level 4. HP: 24/29 MP: 5/5
  2388 | D:3      | Noticed a phantom
  2656 | D:2      | Reached skill level 3 in Crossbows
  2943 | D:3      | Reached XP level 5. HP: 16/33 MP: 6/6
  3039 | D:3      | Reached skill level 4 in Crossbows
  4081 | D:3      | Reached skill level 5 in Crossbows
  4433 | D:4      | Reached XP level 6. HP: 38/38 MP: 7/7
  4472 | D:4      | Found an iron altar of Okawaru.
  4565 | D:4      | Noticed an ogre
  4610 | D:4      | Killed an ogre
  4610 | D:4      | Reached skill level 6 in Crossbows
  4610 | D:4      | Reached skill level 1 in Shields
  4881 | D:4      | Got a shimmering chain mail
  5177 | D:5      | Entered Level 5 of the Dungeon
  5248 | D:5      | Found a staircase to the Ecumenical Temple.
  5249 | D:5      | Noticed Ijyb
  5249 | D:5      | Noticed an ogre
  5345 | Temple   | Entered the Ecumenical Temple
  5571 | D:4      | Became a worshipper of Warmaster Okawaru
  5604 | D:5      | Reached XP level 7. HP: 35/43 MP: 8/8
  5870 | D:5      | Mangled by an ogre

Illustrated notes

Levels and vault maps discovered:
D:1:      erik_arrival_blinker_ship, layout_rooms, kennysheep_small_spiral,
          chequers_big_river
D:2:      layout_basic
D:3:      layout_rooms, hangedman_decor_riveting, minmay_joined_circles
D:4:      layout_rooms, nicolae_overflow_hidden_temple, first_ration
D:5:      layout_loops_ring, minmay_temple_entry_large_hall, uniq_ijyb
Temple:   minmay_crystal_snake_temple

Skill      XL: |  1  2  3  4  5  6 |
---------------+-------------------+-----
Fighting       | 2 3 4 |  4.0
Crossbows      | 3 5 6 |  6.0
Shields        | 2 |  2.6
Dodging        | |  2.4
Spellcasting   | |  1.1
Hexes          | |  3.0

Action                   |  1- 3 |  4- 6 |  7- 9 || total
-------------------------+-------+-------+-------++-------
Melee: Dagger            |    58 |       |       ||    58
       War axe           |    67 |    98 |       ||   165
       Short sword       |       |    35 |    14 ||    49
 Fire: Hand crossbow     |    10 |    44 |       ||    54
 Cast: Corona            |     6 |     1 |       ||     7
       Slow              |       |     1 |       ||     1
  Use: Scroll            |       |     8 |       ||     8
 Stab: Sleeping          |     1 |       |       ||     1
  Eat: Chunk             |    12 |    10 |       ||    22
Armor: Leather armour    |    36 |    25 |       ||    61
       Robe              |     3 |       |       ||     3
       Scale mail        |       |       |     2 ||     2
Dodge: Dodged            |   155 |   142 |     5 ||   302
Block: Other             |       |    13 |       ||    13
       Buckler           |       |       |     6 ||     6

Table legend:
 A = Non-vault XP
 B = Vault XP
 C = Vault XP percentage of total XP
 D = Non-vault monster count
 E = Vault monster count
 F = Vault count percentage of total count
                 A         B        C        D         E       F
            +---------+---------+-------+---------+---------+-------
      Total |     539 |      44 |   7.5 |      69 |       8 |  10.4
            +---------+---------+-------+---------+---------+-------
        D:1 |      51 |       0 |   0.0 |      26 |       0 |   0.0
        D:2 |      33 |       0 |   0.0 |      10 |       0 |   0.0
        D:3 |     135 |      44 |  24.6 |      21 |       8 |  27.6
        D:4 |     209 |       0 |   0.0 |       9 |       0 |   0.0
        D:5 |     111 |       0 |   0.0 |       3 |       0 |   0.0
            +---------+---------+-------+---------+---------+-------
